 Dungeon Crawl Stone Soup version 0.30-a0-802-gb92711bcdf (webtiles) character file.

Game seed: 2740516318395603660

73 bande the Trooper (level 4, 0/29 HPs)
             Began as a Gargoyle Fighter on Feb 24, 2023.
             Slain by a gnoll
             ... wielding a +0 halberd
              (6 damage)
             ... on level 2 of the Dungeon.
             The game lasted 00:01:52 (1090 turns).

bande the Trooper (Gargoyle Fighter)                Turns: 1090, Time: 00:01:53

Health: 0/29       AC: 10    Str: 19    XL:     4   Next: 27%
Magic:  4/4        EV:  9    Int:  9    God:
Gold:   54         SH:  4    Dex: 11    Spells: 3/3 levels left

rFire   . . .      SeeInvis .    a - +0 war axe
rCold   . . .      Faith    .    c - +0 buckler
rNeg    + . .      Spirit   .    b - +0 scale mail
rPois   ∞          Reflect  .    (no helmet)
rElec   +          Harm     .    (no cloak)
rCorr   .          Rampage  .    (no gloves)
Will    .....                    (no boots) Stlth
                                 (no amulet)
HPRegen 0.24/turn                (no ring)
MPRegen 0.09/turn                (no ring)

@: no status effects
A: sickness immunity, AC +3, negative energy resistance 1, electricity
resistance, torment resistance 1, petrification resistance
a: no special abilities


You were on level 2 of the Dungeon.
You visited 1 branch of the dungeon, and saw 2 of its levels.

You collected 54 gold pieces.

Inventory:

Hand Weapons
 a - a +0 war axe (weapon)
Missiles
 i - a throwing net (quivered)
Armour
 b - a +0 scale mail (worn)
 c - a +0 buckler (worn)
Jewellery
 l - a ring of protection from fire
Scrolls
 f - 5 scrolls of identify {unknown}
 g - 2 scrolls of teleportation {unknown}
 h - a scroll of enchant weapon {unknown}
 m - a scroll of magic mapping {unknown}
Potions
 d - a potion of might
 e - a potion of haste {unknown}
 j - a potion of curing {unknown}
 k - a potion of berserk rage {unknown}


   Skills:
 + Level 4.0 Fighting
 + Level 2.7 Axes
 + Level 3.8 Armour
 + Level 3.6 Shields


You had 3 spell levels left.
You didn't know any spells.
Your spell library contained the following spells:

 Spells                   Type           Power      Damage    Failure   Level
 Shock                    Conj/Air       0%         1d3       83%         1
 Swiftness                Air            0%         N/A       99%         3
 Airstrike                Air            0%         2d(0-16)  100%        4


Dungeon Overview and Level Annotations

Branches:
Dungeon (2/15)

Altars:


Innate Abilities, Weirdness & Mutations

You are immune to sickness and miasma.
Your stone body is resilient. (AC +3)
You are immune to poison.
You resist negative energy. (rN+)
You are resistant to electric shocks. (rElec)
You are resistant to unholy torment.
You are immune to petrification.


Message History

The gnoll shouts!
The hobgoblin shouts!
The gnoll hits you from afar with a +1 heavy spear.
You slash the gnoll!
The gnoll is severely wounded.
The gnoll hits you but does no damage.
You slash the gnoll!
You kill the gnoll!
You hit the hobgoblin.
You kill the hobgoblin!
You block the gnoll's attack.
A frilled lizard comes into view.
The gnoll hits you with a +1 heavy spear.
You block the gnoll's attack.
You see here a +0 club.
You slash the gnoll!
The gnoll is heavily wounded.
You barely miss the gnoll. The gnoll hits you with a +0 halberd.
The gnoll hits you but does no damage. The gnoll closely misses you.
You are too injured to fight recklessly!
You are too injured to fight recklessly!
You are too injured to fight recklessly!
You are too injured to fight recklessly!
You are too injured to fight recklessly!
You are too injured to fight recklessly!
You are too injured to fight recklessly!
You are too injured to fight recklessly!
You are too injured to fight recklessly!
You are too injured to fight recklessly!
You barely miss the gnoll.
The gnoll is heavily wounded.
You barely miss the gnoll. You block the gnoll's attack.
The gnoll hits you with a +0 halberd.
Unknown command.
You slash the gnoll!
You kill the gnoll!
You barely miss the gnoll. The gnoll hits you with a +0 halberd!
* * * LOW HITPOINT WARNING * * *
The frilled lizard bites you but does no damage.
The gnoll hits you with a +0 halberd.
You die...

# ... #######
.....#######.....#
......l@...#.....# #
......g†#.##.....# #
........#........#######
.#####..#.....##........
#..#.....##........
.........++........
#..##.....##........ #..
#.#############. # ....
#.


You could see a gnoll and a frilled lizard.

Vanquished Creatures
  2 gnolls (D:2)
  An adder (D:2)
  2 dart slugs (D:1)
  6 ball pythons
  4 bats (D:1)
  6 endoplasms
  5 giant cockroaches
  3 goblins
  7 hobgoblins
  2 jackals (D:2)
  A kobold (D:1)
  2 quokkas
  2 frilled lizards
  A rat (D:1)
44 creatures vanquished.

Notes
Turn   | Place    | Note
-------+----------+-------------------------------------------
     0 | D:1      | bande the Gargoyle Fighter began the quest for the Orb.
     0 | D:1      | Reached XP level 1. HP: 14/14 MP: 1/1
   128 | D:1      | Reached XP level 2. HP: 18/19 MP: 2/2
   386 | D:1      | Reached XP level 3. HP: 23/24 MP: 3/3
   903 | D:2      | Reached skill level 4 in Fighting
   903 | D:2      | Reached XP level 4. HP: 29/29 MP: 4/4
  1090 | D:2      | Slain by a gnoll

Illustrated notes

Levels and vault maps discovered:
D:1:      amcnicky_arrival_choice, layout_basic, chequers_serial_rivers_marsh,
          chequers_serial_rivers_large_b, minmay_split_cup_large
D:2:      layout_basic, ebering_ecumenical_altar_sacrificial,
          uniq_crazy_yiuf_cottage

Skill      XL: |  1  2  3 |
---------------+----------+-----
Axes           | 2 |  2.7
Fighting       | 4 |  4.0
Armour         | |  3.8
Shields        | |  3.6

Action                     |  1- 3 |  4- 6 || total
---------------------------+-------+-------++-------
  Melee: War axe           |   105 |     9 ||   114
 Armour: Scale mail        |    61 |     6 ||    67
  Dodge: Dodged            |    55 |     3 ||    58
  Block: Buckler           |    31 |     4 ||    35

Table legend: (Time is in decaauts)
 A = Elapsed time spent in this place.
 B = Non-inter-level travel time spent in this place.
 C = Inter-level travel time spent in this place.
 D = Time resting spent in this place.
 E = Time spent auto-exploring this place.
 F = Levels seen in this place.
 G = Mean time per level.
                   A        B        C        D        E       F      G
               +--------+--------+--------+--------+--------+-----+--------+
         Total |   1166 |   1166 |      0 |      0 |    864 |   2 |  583.0 |
       Dungeon |   1166 |   1166 |      0 |      0 |    864 |   2 |  583.0 |
               +--------+--------+--------+--------+--------+-----+--------+

Top non-repeatable levels by time:
     D:1: 793 daAuts
     D:2: 373 daAuts
